 Dungeon Crawl Stone Soup version 0.23.1 (webtiles) character file.

Game seed: 17339238592691481330

248 vishdafish the Chopper (level 5, 0/41 HPs)
             Began as a Demonspawn Fighter on Mar 16, 2019.
             Succumbed to a worker ant's poison
             ... on level 2 of the Dungeon.
             The game lasted 00:01:40 (1247 turns).

vishdafish the Chopper (Demonspawn Fighter)         Turns: 1247, Time: 00:01:41

Health: 0/41       AC:  6    Str: 17    XL:     5   Next: 86%
Magic:  5/5        EV:  7    Int: 10    God:
Gold:   90         SH: 10    Dex: 12    Spells: 4/4 levels left

rFire    . . .     SeeInvis .   a - +0 war axe
rCold    . . .     Gourm    .   c - +1 shield
rNeg     . . .     Faith    .   b - +0 scale mail
rPois    .         Spirit   +   (no helmet)
rElec    .         Reflect  .   (no cloak)
rCorr    .         Harm     .   (no gloves)
MR       .....                  (no boots)
Stlth    ..........             (no amulet)
HPRegen  0.13/turn              (no ring)
MPRegen  0.18/turn              (no ring)

@: lethally poisoned (0 -> -6)
A: talons 1, magic shield, magic regeneration, rot immunity
a: no special abilities


You were on level 2 of the Dungeon.
You were very hungry.

You visited 1 branch of the dungeon, and saw 2 of its levels.

You collected 90 gold pieces.

Inventory:

Hand Weapons
 a - a +0 war axe (weapon)
Armour
 b - a +0 scale mail (worn)
 c - a +1 shield (worn)
Scrolls
 g - a scroll of identify
 i - 2 scrolls of remove curse
Comestibles
 f - 3 rations


   Skills:
 + Level 3.6 Fighting
 + Level 4.1 Axes
 + Level 3.3 Armour
 + Level 1.2 Dodging
 + Level 3.3 Shields


You had 4 spell levels left.
You didn't know any spells.
Your spell library was empty.

Dungeon Overview and Level Annotations

Branches:
Dungeon (2/15)

Altars:


Innate Abilities, Weirdness & Mutations

You have sharp toenails.
When hurt, damage is shared between your health and your magic reserves.
You regenerate magic rapidly.
You are immune to rotting.


Message History

It is a scroll of identify.
i - 2 scrolls of remove curse
* * * LOW HITPOINT WARNING * * *
You feel sick. None of your equipped items are cursed.
As you read the scroll labeled KIP MUOXZU, it crumbles to dust.
It is a scroll of enchant armour.
Your +0 shield glows green for a moment.
* * * LOW HITPOINT WARNING * * *
You feel sick.
As you read the scroll labeled KOFUHA EMIUN, it crumbles to dust.
You feel aware of your surroundings.
It was a scroll of magic mapping.
* * * LOW HITPOINT WARNING * * *
You feel sick.
* * * LOW HITPOINT WARNING * * *
You feel sick.
As you read the scroll labeled ICUKEYSEDIA, it crumbles to dust.
The scroll dissolves into smoke.
It was a scroll of fog.
Unknown command.
You die...

,,* #.#######.......###.#...#..
*** #.# ##...#### #.###.### **
#.# #...# #.#*#.#** ,* #.#
#...######..,...,, ,*
#.########.........#*,#.##, ,*
*,*.................*,#.#*,
,******,,.................*,#..,,
,,,,,,,,*......§§§§.......*,*,,*,
,******,**######@§§.......,,,,,*,
,* **,** #§§§#######*,,,,,, **
*,,,* #§.§# ****,** *,,**
***#...# *,* *,** *,,....# *,*
***,******,##...# **,**
****,<,,,,,**,*#...#******* *,,,*
,,,,,,,***,**,*#####,,,,,,* *,*,,
****,*****,*,,,* *,****,* *,,,*


There were no monsters in sight!

Vanquished Creatures
  Sigmund (D:2)
  Jessica (D:2)
  A worker ant (D:2)
  An ooze (D:1)
  A worm (D:2)
  2 bats (D:1)
  2 giant cockroaches
  3 goblins (D:1)
  11 hobgoblins
  9 frilled lizards (D:1)
  5 kobolds (D:1)
  3 rats (D:1)
40 creatures vanquished.

Notes
Turn   | Place    | Note
-------+----------+-------------------------------------------
     0 | D:1      | vishdafish the Demonspawn Fighter began the quest for the
                  | Orb.
     0 | D:1      | Reached XP level 1. HP: 18/18 MP: 1/1
   162 | D:1      | Reached skill level 2 in Axes
   191 | D:1      | Gained mutation: When hurt, damage is shared between your
                  | health and your magic reserves. [demonic ancestry]
   191 | D:1      | Reached XP level 2. HP: 22/24 MP: 2/2
   597 | D:1      | Gained mutation: You have sharp toenails. [demonic
                  | ancestry]
   597 | D:1      | Reached XP level 3. HP: 27/29 MP: 3/3
   869 | D:2      | Noticed Sigmund
   897 | D:2      | Killed Sigmund
   897 | D:2      | Reached skill level 3 in Axes
   897 | D:2      | Reached skill level 1 in Dodging
   897 | D:2      | Gained mutation: You are immune to rotting. [demonic
                  | ancestry]
   897 | D:2      | Reached XP level 4. HP: 9/35 MP: 1/4
   897 | D:2      | Gained mutation: You regenerate magic rapidly. [demonic
                  | ancestry]
   897 | D:2      | Reached XP level 5. HP: 11/41 MP: 1/5
  1017 | D:2      | Noticed Jessica
  1021 | D:2      | Killed Jessica
  1232 | D:2      | Reached skill level 4 in Axes
  1243 | D:2      | HP: 2/41 [poisoned by a worker ant]
  1247 | D:2      | Succumbed to a worker ant's poison

Skill      XL: |  1  2  3  4  5 |
---------------+----------------+-----
Axes           | 2 3 4 |  4.1
Armour         | 3 |  3.3
Dodging        | 1 |  1.2
Shields        | 3 |  3.3
Fighting       | |  3.6

Action                   |  1- 3 |  4- 6 || total
-------------------------+-------+-------++-------
Melee: War axe           |    98 |    18 ||   116
       Kick              |     3 |     7 ||    10
  Use: Potion            |     3 |       ||     3
       Scroll            |       |     4 ||     4
Armor: Scale mail        |    41 |     5 ||    46
       Skin              |     7 |       ||     7
Dodge: Dodged            |    31 |     3 ||    34
Block: Shield            |    50 |     5 ||    55
